 Dungeon Crawl Stone Soup version 0.17-a0-1378-g281efdd (webtiles) character file.

175558 Slowtrain the Black Belt (level 17, -4/149 HPs)
             Began as a Red Draconian Transmuter on June 10, 2015.
             Was a High Priest of Okawaru.
             Killed from afar by a shock serpent (14 damage)
             ... with a bolt of electricity
             ... on level 4 of the Snake Pit on June 14, 2015.
             The game lasted 05:38:08 (44506 turns).

Slowtrain the Black Belt (DrTm)                    Turns: 44506, Time: 05:38:10

Health: -4/149     AC: 18    Str: 20    XL:     17   Next: 48%
Magic:  30/30      EV: 17    Int: 20    God:    Okawaru [*****.]
Gold:   774        SH:  0    Dex: 14    Spells: 8 memorised, 8 levels left

rFire  + + .     SeeInvis .       - Unarmed
rCold  . . .     Clarity  +     (armour unavailable)
rNeg   . . .     SustAt   .     (no shield)
rPois  +         Gourm    .     (helmet restricted)
rElec  .         Spirit   .     k - +2 cloak {MR+}
rCorr  .         Warding  .     m - +2 pair of gloves {Str+3}
rMut   .         Stasis   .     o - +2 pair of boots {run}
MR     +++..                    f - amulet of Qutoz {Clar rPois rF+ Str+3 Int-2}
Stlth  +++.......               I - ring of protection from magic
                                y - +5 ring of intelligence

@: short of breath, quick, extremely resistant to hostile enchantments, fairly
stealthy
A: breathe fire, unfitting armour, fire resistance 1, cold-blooded, AC +9
a: Breathe Fire, Heroism, Finesse, Renounce Religion


You were on level 4 of the Snake Pit.
You worshipped Okawaru.
Okawaru was extremely pleased with you.
You were not hungry.

You visited 5 branches of the dungeon, and saw 32 of its levels.
You visited the Abyss 1 time.
You also visited: Ice Cave and Volcano.

You collected 3363 gold pieces.
You spent 2589 gold pieces at shops.

Inventory:

Hand weapons
 e - a -2 blowgun
Missiles
 a - 582 arrows
 r - a poisoned tomahawk (quivered)
 D - 2 throwing nets
 O - 91 tomahawks
 P - 2 poisoned javelins
 Q - 3 javelins of penetration
 S - 7 silver javelins
 U - 8 javelins of returning
Armour
 k - a +2 cloak of magic resistance (worn)
 m - a +2 pair of gloves of strength (worn)
 o - a +2 pair of boots of running (worn)
Rods
 W - a +6 rod of the swarm (16/16)
   (You bought it in a shop on level 5 of the Dungeon)
Jewellery
 d - the amulet "Pocuqayp" {Ward +Inv rC- rN+ Int+4 Slay+6}
   (You found it on level 4 of the Dungeon)

   [amulet of warding]

   It may prevent the melee attacks of summoned creatures.
   It affects your intelligence (+4).
   It affects your accuracy and damage with ranged weapons and melee attacks
   (+6).
   It makes you vulnerable to cold.
   It protects you from negative energy.
   It lets you turn invisible.
 f - the amulet of Qutoz (around neck) {Clar rPois rF+ Str+3 Int-2}
   (You bought it in a shop on level 1 of the Orcish Mines)

   [amulet of clarity]

   It provides mental clarity.
   It affects your strength (+3).
   It affects your intelligence (-2).
   It protects you from fire.
   It protects you from poison.
 y - a +5 ring of intelligence (left hand)
 A - an uncursed ring of flight
 I - a ring of protection from magic (right hand)
 K - an uncursed amulet of resist mutation
 N - a +4 ring of dexterity
 T - the amulet "Nuriashri" {Stasis rF+ MR+ Str-4}
   (You found it on level 10 of the Dungeon)

   [amulet of stasis]

   It prevents you from being teleported, slowed, hasted or paralysed.
   It affects your strength (-4).
   It protects you from fire.
   It affects your resistance to hostile enchantments.
 V - an uncursed ring of stealth
Magical devices
 s - a wand of digging (3)
 v - a wand of lightning (4)
 B - a wand of teleportation (5)
 J - a wand of fire (10)
 R - a wand of disintegration (9)
 Y - a wand of confusion (26)
 Z - a wand of heal wounds (5)
Scrolls
 h - a scroll of amnesia
 i - 6 scrolls of teleportation
 j - a scroll of fear
 l - 5 scrolls of fog
 n - 7 scrolls of remove curse
 q - 2 scrolls of identify
 L - a scroll of blinking
Potions
 b - a potion of haste
 c - 6 potions of resistance
 g - 12 potions of curing
 p - 4 potions of flight
 t - a potion of cancellation
 z - 3 potions of agility
 E - 4 potions of brilliance
 F - a potion of ambrosia
 H - 4 potions of magic
 M - 2 potions of invisibility
 X - 2 potions of might
Miscellaneous
 C - a lantern of shadows
Comestibles
 u - 14 meat rations
 w - 4 beef jerkies
 x - 13 fruits


   Skills:
 - Level 13.0 Fighting
 - Level 9.0 Throwing
 + Level 8.1 Dodging
 - Level 5.0 Stealth
   Level 4.0 Shields
 - Level 15.0 Unarmed Combat
 + Level 9.0 Spellcasting
 - Level 5.1 Charms
 - Level 5.3 Necromancy
 - Level 10.1 Transmutations
 - Level 8.0 Ice Magic
 - Level 3.0 Poison Magic
 - Level 8.0 Invocations
 - Level 10.0 Evocations


You had 8 spell levels left.
You knew the following spells:

 Your Spells              Type           Power        Failure   Level  Hunger
a - Beastly Appendage     Trmt           #####.       1%          1    None
b - Sticks to Snakes      Trmt           #####.....   1%          2    None
c - Spider Form           Trmt/Pois      #####.....   1%          3    None
d - Blade Hands           Trmt           #####.....   4%          5    #####..
e - Ice Form              Ice/Trmt       #####...     1%          4    ###....
f - Alistair's Intoxicat  Trmt/Pois      #####...     8%          4    ###....
g - Condensation Shield   Ice            #####.....   3%          4    ###....
h - Regeneration          Chrm/Necr      ####......   3%          3    None


Dungeon Overview and Level Annotations

Branches:
Dungeon (15/15)            Temple (1/1) D:7            Lair (8/8) D:10
 Shoals (0/4) Lair:5        Snake (4/4) Lair:3        Slime (0/6) Lair:6
    Orc (4/4) D:11            Elf (0/3) Orc:3        Vaults (0/5) D:13
 Depths (0/5) D:15

Altars:
Ashenzari
Cheibriados
Dithmenos
Elyvilon
Fedhas
Gozag
Kikubaaqudgha
Makhleb
Nemelex Xobeh
Okawaru
Qazlal
Ru
Sif Muna
Trog
Vehumet
Xom
Yredelemnul
Zin
The Shining One
Beogh
Jiyva

Shops:
D:4 ?   D:5 }   D:9 (   D:10 %   D:11 (   Orc:1 =   Orc:4 !=**   Snake:2 *

Annotations:
D:13 Maurice
Snake:1 exclusion: downstairs
Snake:2 Vashnia


Innate Abilities, Weirdness & Mutations

You can breathe blasts of fire.
Your fiery red scales are hard (AC +9).
Your body does not fit into most forms of armour.
Your flesh is heat resistant.
You are cold-blooded and may be slowed by cold attacks.


Message History

The lightning shocks you.
* * * LOW HITPOINT WARNING * * *
The shock serpent is engulfed in roaring flames.
The shock serpent bites you.
* * * LOW HITPOINT WARNING * * *
The shock serpent shocks you!
* * * LOW HITPOINT WARNING * * *
The shock serpent's electric aura discharges!
The lightning shocks you.
* * * LOW HITPOINT WARNING * * *
Evoke which item? (* to show all) (? for menu, Esc to quit)
Zapping:
Z - a wand of heal wounds (6)
Press: ? - help, Shift-Dir - straight line, f - you, p - shock serpent You feel much better.
This wand has 5 charges left.
The shock serpent is engulfed in roaring flames.
The shock serpent shoots out a bolt of lightning at you!
The bolt of electricity hits you!
* * * LOW HITPOINT WARNING * * *
The bolt of electricity hits you!
You die...

###.##.. #.......
####.#.. ### #.##[
#.###.### ##[)#)##.
#######.<)[)..
#####....####.#)).
#@.##...##..###)..
#.S.#...#...# ##..
##.'#...#'.#####..
#####.....###(((...
#...........))##...
#......⌠.....)##...
#..................
#####.....###......
#..#...#'.##..###


You could see a shock serpent.

Vanquished Creatures
  A bone dragon (Orc:3)
  The ghost of MordorOrchid the Bludgeoner, a mighty GrGl of the Shining One (Snake:4)
  Kirke (Lair:7)
  2 greater nagas (Snake:4)
  Donald (Orc:3)
  Maud (Lair:5)
  An orc warlord (Orc:4)
  Aizul (Snake:1)
  Louise (Snake:1)
  3 starcursed masses (Abyss:1)
  Snorg (Orc:4)
  3 vault guards (D:13)
  Josephine (Lair:7)
  A great orb of eyes (Abyss:1)
  An ice dragon (Lair:6)
  3 rakshasas
  7 hydras
  8 naga warriors
  2 centaur warriors
  Erica (D:11)
  A catoblepas (Lair:8)
  3 anacondas
  2 tengu warriors (D:15)
  4 death yaks (Lair:8)
  4 naga sharpshooters
  6 orc high priests (Orc:4)
  A wretched star (Abyss:1)
  A shock serpent (Snake:2)
  3 salamander mystics
  The ghost of OrbSeeker the Transmogrifier, an experienced NaTm of Makhleb (D:7)
  A giant orange brain (D:15)
  7 hill giants
  3 naga ritualists
  3 ice statues (IceCv)
  6 unseen horrors
  6 mana vipers
  4 orc knights
  A hill giant (shapeshifter) (D:15)
  19 ugly things
  2 cyclopes
  A manticore (D:13)
  4 necromancers (D:13)
  9 orc sorcerers
  A griffon (Lair:8)
  12 salamanders
  25 black mambas
  A guardian serpent (Snake:4)
  An apocalypse crab (Abyss:1)
  7 elephants
  3 gargoyles
  12 naga magi
  A molten gargoyle (Lair:2)
  A torpor snail (Lair:5)
  2 yaktaurs
  27 spiny frogs
  2 ancient zymes (Abyss:1)
  5 fire drakes
  7 komodo dragons
  4 efreet
  7 trolls
  2 giant leeches (Lair:8)
  11 two-headed ogres
  A two-headed ogre (shapeshifter) (D:15)
  A large abomination (Abyss:1)
  A trapdoor spider zombie (D:12)
  11 slime creatures
  A boulder beetle (shapeshifter) (D:15)
  2 raiju (Abyss:1)
  31 yaks
  25 blink frogs
  A shadow (D:13)
  4 wraiths
  3 deep elf magi
  A ynoxinul (Abyss:1)
  17 humans
  3 wyverns
  5 fire elementals
  3 hogs
  2 hungry ghosts
  A basilisk (Lair:7)
  A neqoxec (Abyss:1)
  3 wargs
  A mottled dragon (D:14)
  A naga (shapeshifter) (D:15)
  19 wolves
  2 steam dragons
  Edmund (D:5)
  11 hippogriffs
  19 vampire mosquitoes
  22 nagas
  21 water moccasins
  A soldier ant (D:12)
  A black bear (D:5)
  9 porcupines
  56 orc warriors
  14 ice beasts
  A wasp (D:13)
  A swamp drake (D:11)
  36 ogres
  4 phantoms
  8 sky beasts
  14 crocodiles
  3 necrophages
  25 centaurs
  A brain worm (Abyss:1)
  2 big kobolds
  34 giant frogs
  A small abomination (Abyss:1)
  A wyvern skeleton (D:15)
  17 killer bees
  5 scorpions
  4 electric eels
  5 centaur zombies
  11 wights
  A giant frog zombie (D:8)
  5 lava snakes
  3 jellies
  The ghost of asdu the Chopper, a weakling VSSk (D:5)
  3 centaur skeletons
  22 orc priests
  A wasp zombie (D:10)
  A quasit (D:7)
  16 crimson imps
  5 hounds
  2 giant frog skeletons
  13 iguanas
  A killer bee zombie (D:8)
  31 orc wizards
  13 worker ants
  22 sheep
  A hound zombie (D:10)
  A worker ant zombie (D:9)
  55 river rats
  8 adders
  3 white imps (D:12)
  6 shadow imps
  An ufetubus (Abyss:1)
  2 oozes (D:1)
  3 adder skeletons
  5 worms
  6 giant geckos
  265 orcs
  4 ball pythons
  A bat skeleton (D:7)
  42 goblins
  26 hobgoblins
  18 jackals
  29 kobolds
  2 quokkas
  18 bats
  6 giant cockroaches
  4 giant newts
  18 rats
1396 creatures vanquished.

Vanquished Creatures (collateral kills)
  Erolcha (D:13)
  An ogre mage (Orc:3)
  An orc knight (Orc:4)
  2 orc sorcerers
  A black mamba (Snake:1)
  A warg (Orc:4)
  A phantom (D:4)
  An orc warrior (Orc:4)
  A jelly (D:5)
  An orc wizard (D:5)
  An orc priest (Orc:3)
  Robin (D:3)
  10 orcs
  A goblin (D:6)
  A hobgoblin (Orc:4)
  2 rats
27 creatures vanquished.

Vanquished Creatures (others)
  Asterion (Snake:1)
  A wizard (D:13)
  A fire vortex (D:14)
  3 humans (Lair:7)
  A water moccasin (Lair:7)
  3 fungi
  8 plants
18 creatures vanquished.

Grand Total: 1441 creatures vanquished

Notes
Turn   | Place    | Note
--------------------------------------------------------------
     0 | D:1      | Slowtrain the Draconian Transmuter began the quest for the Orb.
     0 | D:1      | Reached XP level 1. HP: 16/16 MP: 3/3
   139 | D:1      | Reached XP level 2. HP: 23/23 MP: 5/5
   261 | D:1      | Reached skill level 4 in Unarmed Combat
   350 | D:1      | Learned a level 2 spell: Sticks to Snakes
   406 | D:1      | Reached XP level 3. HP: 20/28 MP: 6/6
  1233 | D:2      | Reached XP level 4. HP: 35/35 MP: 7/7
  1912 | D:2      | Found a glowing silver altar of Zin.
  2220 | D:3      | Noticed Robin
  2237 | D:3      | Killed Robin
  2251 | D:3      | Found a white marble altar of Elyvilon.
  2283 | D:3      | Found a shimmering altar of Xom.
  2352 | D:3      | Reached XP level 5. HP: 29/40 MP: 6/8
  2848 | D:3      | Reached skill level 5 in Unarmed Combat
  2903 | D:3      | Reached XP level 6. HP: 35/47 MP: 6/9
  3308 | D:4      | Reached skill level 6 in Unarmed Combat
  3516 | D:4      | Got a shimmering brass amulet
  3535 | D:4      | Found Zayqusuh's Magic Scroll Shop.
  3555 | D:4      | Bought a scroll of identify for 24 gold pieces
  3555 | D:4      | Bought a scroll of fog for 24 gold pieces
  3555 | D:4      | Identified the amulet "Pocuqayp" {Ward +Inv rC- rN+ Int+4 Slay+6} (You found it on level 4 of the Dungeon)
  4142 | D:4      | Learned a level 3 spell: Spider Form
  4324 | D:4      | Your scales start taking on a fiery red colour.
  4324 | D:4      | Gained mutation: Your flesh is heat resistant. [Red Draconian growth]
  4324 | D:4      | Reached XP level 7. HP: 52/52 MP: 10/10
  4438 | D:5      | Entered Level 5 of the Dungeon
  4650 | D:5      | Reached skill level 5 in Transmutations
  4650 | D:5      | Reached skill level 1 in Poison Magic
  4776 | D:5      | Noticed Edmund
  4790 | D:5      | Killed Edmund
  4893 | D:5      | Found a shadowy altar of Dithmenos.
  5039 | D:5      | Found a snail-covered altar of Cheibriados.
  5144 | D:5      | Found a burning altar of Makhleb.
  5145 | D:5      | Found an iron altar of Okawaru.
  5145 | D:5      | Found an opulent altar of Gozag.
  5191 | D:5      | Found a sacrificial altar of Ru.
  5191 | D:5      | Found a sparkling altar of Nemelex Xobeh.
  5192 | D:5      | Found a shimmering altar of Xom.
  5196 | D:5      | Became a worshipper of Warmaster Okawaru
  5199 | D:5      | Noticed asdu's ghost (weakling VSSk)
  5213 | D:5      | Killed asdu's ghost
  5307 | D:5      | Found Heah's Gadget Boutique.
  5390 | D:5      | Reached skill level 7 in Unarmed Combat
  5390 | D:5      | Reached XP level 8. HP: 51/59 MP: 7/11
  5721 | D:5      | Upgraded the game from 0.17-a0-1337-ge651487 to 0.17-a0-1360-g37db002
  5756 | D:5      | Learned a level 5 spell: Blade Hands
  5879 | D:6      | Acquired Okawaru's first power
  6161 | D:6      | Reached skill level 1 in Invocations
  6178 | D:6      | Reached skill level 8 in Unarmed Combat
  6379 | D:6      | Found a deep blue altar of Sif Muna.
  7242 | D:7      | Found a staircase to the Ecumenical Temple.
  7251 | Temple   | Entered the Ecumenical Temple
  7425 | D:7      | Reached skill level 9 in Unarmed Combat
  7429 | D:7      | Reached XP level 9. HP: 64/64 MP: 9/12
  8177 | D:7      | Noticed OrbSeeker's ghost (experienced NaTm)
  8187 | D:7      | Killed OrbSeeker's ghost
  8187 | D:7      | Reached skill level 10 in Unarmed Combat
  8742 | D:8      | Learned a level 4 spell: Ice Form
  8819 | D:8      | Reached XP level 10. HP: 71/71 MP: 16/16
  9299 | D:9      | Reached skill level 1 in Ice Magic
  9424 | D:9      | Found Otuefal's Antique Weapon Emporium.
  9447 | D:9      | Found an opulent altar of Gozag.
  9613 | D:9      | Found a staircase to the Lair.
  9814 | D:10     | Entered Level 10 of the Dungeon
  9814 | D:10     | Found Kagog's Food Shop.
  9926 | D:10     | Noticed a hill giant
  9954 | D:10     | Killed a hill giant
 10140 | D:10     | Reached skill level 10 in Transmutations
 10219 | D:10     | Noticed a hill giant
 10236 | D:10     | Killed a hill giant
 10323 | D:10     | Got a scintillating diamond amulet
 10332 | D:10     | Identified the amulet "Nuriashri" {Stasis rF+ MR+ Str-4} (You found it on level 10 of the Dungeon)
 10366 | D:10     | Noticed a hill giant
 10379 | D:10     | Killed a hill giant
 10379 | D:10     | Reached skill level 5 in Spellcasting
 10379 | D:10     | Reached skill level 5 in Ice Magic
 10533 | D:10     | Found a staircase to the Lair.
 10547 | D:10     | Reached XP level 11. HP: 62/77 MP: 11/18
 10548 | D:10     | Noticed an elephant
 10553 | D:10     | Noticed a hill giant
 10562 | D:10     | Killed an elephant
 10565 | D:10     | Received a gift from Okawaru
 10843 | D:10     | Killed a hill giant
 11286 | D:10     | Noticed an orc sorcerer
 11290 | D:10     | Noticed a hill giant
 11295 | D:10     | Killed an orc sorcerer
 11395 | D:11     | Noticed a hill giant
 11403 | D:11     | Killed a hill giant
 11643 | D:11     | Noticed Erica
 11709 | D:11     | Reached skill level 11 in Unarmed Combat
 11791 | D:11     | Noticed a hill giant
 11802 | D:11     | Killed a hill giant
 12314 | D:11     | Found Opothyni's Antique Weapon Emporium.
 12986 | D:11     | Reached skill level 5 in Fighting
 13213 | D:11     | Found a staircase to the Orcish Mines.
 14238 | D:12     | Reached skill level 5 in Dodging
 14757 | D:12     | Reached XP level 12. HP: 68/97 MP: 21/21
 15159 | Lair:1   | Entered Level 1 of the Lair of Beasts
 15481 | Lair:1   | Acquired Okawaru's second power
 15608 | Lair:1   | Received a gift from Okawaru
 15743 | Lair:1   | Noticed an eight-headed hydra
 15749 | Lair:1   | Killed an eight-headed hydra
 16680 | Lair:2   | Reached skill level 5 in Invocations
 17366 | Lair:3   | Reached skill level 10 in Fighting
 17404 | Lair:3   | Found a staircase to the Snake Pit.
 17424 | Lair:3   | Reached skill level 12 in Unarmed Combat
 17581 | Lair:3   | Reached XP level 13. HP: 103/113 MP: 22/22
 18358 | Lair:3   | Received a gift from Okawaru
 19555 | Lair:5   | Reached skill level 1 in Shields
 19639 | Lair:5   | Received a gift from Okawaru
 19857 | Lair:5   | Reached skill level 13 in Unarmed Combat
 19942 | Lair:5   | Reached skill level 1 in Evocations
 20251 | Lair:5   | Noticed Maud
 20262 | Lair:5   | Killed Maud
 20570 | Lair:5   | Found a staircase to the Shoals.
 20875 | Lair:5   | Reached skill level 1 in Stealth
 21057 | Lair:6   | Found a frozen archway.
 21196 | IceCv    | Entered an ice cave
 21591 | IceCv    | Identified the Papyrus of Ashen Transmigration
 21601 | IceCv    | Got an ichor-stained hand crossbow
 21853 | Lair:6   | Reached skill level 5 in Evocations
 22367 | Lair:6   | Found a viscous altar of Jiyva.
 22368 | Lair:6   | Found a staircase to the Slime Pits.
 22787 | Lair:6   | Received a gift from Okawaru
 23186 | Lair:7   | Found a dark tunnel.
 23200 | Volcano  | Entered a volcano
 23465 | Lair:7   | Reached XP level 14. HP: 121/121 MP: 20/23
 23485 | Lair:7   | Noticed Josephine
 23497 | Lair:7   | Killed Josephine
 23497 | Lair:7   | Reached skill level 5 in Stealth
 23690 | Lair:7   | Noticed Kirke
 23695 | Lair:7   | Killed Kirke
 24289 | Lair:8   | Entered Level 8 of the Lair of Beasts
 25307 | Lair:8   | Received a gift from Okawaru
 25307 | Lair:8   | Reached skill level 14 in Unarmed Combat
 25571 | Lair:8   | Upgraded the game from 0.17-a0-1360-g37db002 to 0.17-a0-1368-g6ab37f2
 26313 | Lair:8   | Identified the Guide on the Voyage (You found it on level 8 of the Lair of Beasts)
 26318 | Lair:8   | Identified the Volume of Creative Evil (You found it on level 8 of the Lair of Beasts)
 26796 | Lair:1   | Reached skill level 1 in Throwing
 26933 | D:13     | Noticed Maurice
 26983 | D:13     | Noticed Erolcha
 27102 | D:13     | Killed Erolcha
 27102 | D:13     | Received a gift from Okawaru
 27896 | D:13     | Found a bloodstained altar of Trog.
 28128 | D:12     | Reached XP level 15. HP: 126/130 MP: 20/24
 28319 | D:13     | Reached skill level 5 in Throwing
 28566 | D:13     | Found a gate to the Vaults.
 30150 | D:14     | Identified a scroll of acquirement
 30162 | D:14     | Identified a +1 pair of boots of running (You acquired it on level 14 of the Dungeon)
 30454 | D:14     | Found a glowing golden altar of the Shining One.
 30767 | D:14     | Received a gift from Okawaru
 31470 | D:15     | Entered Level 15 of the Dungeon
 31914 | D:15     | Found a staircase to the Depths.
 32440 | D:15     | Found a sparkling altar of Nemelex Xobeh.
 32477 | D:15     | Received a gift from Okawaru
 32611 | D:15     | Learned a level 4 spell: Alistair's Intoxication
 32616 | D:15     | Learned a level 4 spell: Condensation Shield
 33417 | D:11     | Killed Erica
 33771 | D:10     | Killed an unseen horror
 33857 | D:10     | Killed a hill giant
 33863 | D:10     | Killed an unseen horror
 34083 | Orc:1    | Entered Level 1 of the Orcish Mines
 34089 | Orc:1    | Found Noobael's Jewellery Emporium.
 34131 | Orc:1    | Found an iron altar of Okawaru.
 34728 | Orc:1    | Found an iron altar of Okawaru.
 34762 | Orc:1    | Found Noobael's Jewellery Emporium.
 34828 | Orc:1    | Upgraded the game from 0.17-a0-1368-g6ab37f2 to 0.17-a0-1373-g64d4c99
 35114 | D:5      | Bought a +4 rod of the swarm (14/14) for 1214 gold pieces
 35779 | Orc:3    | Found a staircase to the Elven Halls.
 36014 | Orc:3    | Noticed Donald
 36032 | Orc:3    | Killed Donald
 36451 | Orc:3    | Received a gift from Okawaru
 36558 | Orc:3    | Cast into the Abyss (an ogre mage)
 36689 | Abyss:1  | Reached XP level 16. HP: 131/141 MP: 25/25
 36729 | Abyss:1  | Noticed an ancient lich
 37265 | Abyss:1  | Noticed a bone dragon
 37293 | Orc:3    | Escaped the Abyss
 37298 | Orc:3    | HP: 6/128 [bone dragon (17)]
 37398 | Orc:3    | Received a gift from Okawaru
 37709 | Orc:3    | Killed a bone dragon
 38381 | Orc:4    | Entered Level 4 of the Orcish Mines
 38510 | Orc:4    | Found a roughly hewn altar of Beogh.
 38512 | Orc:4    | Reached skill level 15 in Unarmed Combat
 38547 | Orc:4    | Received a gift from Okawaru
 38667 | Orc:4    | Found Ininaisac's Assorted Antiques.
 38680 | Orc:4    | Bought a scroll of identify for 46 gold pieces
 38691 | Orc:4    | Found Riseute's Assorted Antiques.
 38998 | Orc:4    | Noticed Snorg
 39414 | Orc:4    | Reached skill level 10 in Evocations
 39542 | Orc:4    | Learned a level 3 spell: Regeneration
 39647 | Orc:4    | Killed Snorg
 39656 | Orc:4    | Reached skill level 1 in Charms
 39656 | Orc:4    | Reached skill level 1 in Necromancy
 39748 | Orc:4    | Received a gift from Okawaru
 39786 | Orc:4    | Found a roughly hewn altar of Beogh.
 39886 | Orc:4    | Received a gift from Okawaru
 39950 | Orc:4    | Found Qoublew's Distillery.
 39982 | Orc:4    | Bought a potion of heal wounds for 75 gold pieces
 39982 | Orc:4    | Bought a potion of might for 60 gold pieces
 40033 | Orc:4    | Found Wanounar's Jewellery Boutique.
 40650 | Orc:4    | Upgraded the game from 0.17-a0-1373-g64d4c99 to 0.17-a0-1378-g281efdd
 40718 | Orc:4    | Bought a leatherbound book for 345 gold pieces
 40722 | Orc:4    | Bought a runed garnet ring for 115 gold pieces
 40722 | Orc:4    | Bought a bronze wand for 92 gold pieces
 40781 | Orc:1    | Bought the amulet of Qutoz {Clar rPois rF+ Str+3 Int-2} for 564 gold pieces
 41019 | Snake:1  | Entered Level 1 of the Snake Pit
 41048 | Snake:1  | Noticed Aizul
 41080 | Snake:1  | Killed Aizul
 41080 | Snake:1  | Received a gift from Okawaru
 41181 | Snake:1  | Noticed Louise
 41211 | Snake:1  | Killed Louise
 41244 | Snake:1  | Noticed Asterion
 41272 | Snake:1  | Killed Asterion
 41597 | Snake:1  | Received a gift from Okawaru
 41606 | Snake:1  | Reached skill level 5 in Necromancy
 41925 | Snake:1  | Reached skill level 5 in Charms
 42247 | Snake:2  | Found Kuucin's General Store.
 42309 | Snake:2  | Bought a scroll of identify for 30 gold pieces
 42459 | Snake:2  | Noticed Vashnia
 42738 | Snake:3  | Received a gift from Okawaru
 43095 | Snake:3  | Reached XP level 17. HP: 125/149 MP: 16/27
 43330 | Snake:4  | Entered Level 4 of the Snake Pit
 43480 | Snake:4  | Noticed MordorOrchid's ghost (mighty GrGl)
 43551 | Snake:4  | Killed MordorOrchid's ghost
 44505 | Snake:4  | HP: 1/149 [shock serpent/electric aura (7)]
 44506 | Snake:4  | Killed from afar by a shock serpent

Vault maps used:
D:1:      saegor_arrival_simple_e
D:2:      lemuel_round_altar, first_bread
D:3:      kennysheep_the_goblin_king, nicolae_overflow_crystal_walls,
          led_xom_imps, uniq_robin
D:4:      serial_shops, nicolae_shop_waterfront
D:5:      kennysheep_mini, grunt_temple_overflow_open, lemuel_crystal_altar,
          serial_shops, shop, uniq_edmund
D:6:      nicolae_whirlpool, lemuel_doored_altar
D:7:      minmay_temple_entry_mist
D:9:      lair_0_dummy, serial_shops, nicolae_shop_stone, grunt_livestock,
          grunt_gozag_statues
D:10:     david_lair_generic, serial_shops, shop, evilmike_minifort
D:11:     erik_orc_1, serial_shops, kennysheep_mini_moat, kennysheep_diamond,
          uniq_erica
D:12:     minmay_nine_imps
D:13:     grunt_vaults_entry_tiered, basic_altar, uniq_erolcha, uniq_maurice
D:14:     hangedman_abyss_or_decor_jellyfish_corner, basic_altar, spider_trap
D:15:     gammafunk_enter_depths_forms, basic_altar
Temple:   pf_slimified_temple
Lair:2:   serial_bayou_shore_b
Lair:3:   guppyfry_snake_entry_island
Lair:4:   infiniplex_staircase_pool_2
Lair:5:   shoals_dummy_entry, wad_woods_road_05, uniq_maud
Lair:6:   dpeg_slime_entry_enclosed_altar, portal_ice_cave_entry_dragon,
          st_stairs_7, serial_bayou_lagoon_b
Lair:7:   enter_volcano_1, grunt_megastairs_2, uniq_josephine, uniq_kirke
Lair:8:   minmay_lair_end_frog_pond
Snake:1:  grunt_megastairs_3, serial_bayou_shore_b, uniq_louise, uniq_asterion,
          uniq_aizul
Snake:2:  serial_shops, nicolae_shop_waterfront, shop, uniq_vashnia
Snake:3:  serial_bayou_pond_c
Snake:4:  snake_pit, grunt_ministairs_6
Orc:1:    nicolae_orc_accident_1, serial_shops, shop, okawaru_metal_pillars_3
Orc:3:    lemuel_ogre_cave, nicolae_orc_pool_cavern, uniq_donald
Orc:4:    pubby_orc_utopia, uniq_snorg
IceCv:    ice_cave_statue_garden_02
Volcano:  volcano_overflow

Action                   |  1- 3 |  4- 6 |  7- 9 | 10-12 | 13-15 | 16-18 || total
-------------------------+-------+-------+-------+-------+-------+-------++-------
Melee: Unarmed           |   123 |   333 |   217 |   612 |  1420 |   800 ||  3505
Throw: Stone             |     5 |    73 |    65 |     8 |     1 |       ||   152
       Tomahawk          |       |       |       |    42 |    14 |    66 ||   122
       Javelin           |       |       |       |       |    10 |    29 ||    39
       Throwing net      |       |       |       |       |     1 |     1 ||     2
 Cast: Beastly Appendage |     4 |    23 |     9 |     3 |     1 |       ||    40
       Sticks to Snakes  |     3 |    13 |     7 |       |     2 |    24 ||    49
       Spider Form       |       |       |     7 |     7 |     9 |     1 ||    24
       Blade Hands       |       |       |     3 |    25 |    62 |    70 ||   160
       Ice Form          |       |       |       |    14 |    46 |     3 ||    63
       Condensation Shie |       |       |       |       |       |    30 ||    30
       Regeneration      |       |       |       |       |       |    31 ||    31
Invok: Heroism           |       |       |     6 |    29 |    24 |    16 ||    75
       Finesse           |       |       |       |       |     1 |     4 ||     5
 Abil: Breathe Fire      |       |       |    14 |    21 |     6 |     7 ||    48
       End Transformatio |       |       |       |     2 |    10 |    14 ||    26
Evoke: Wand              |       |       |       |     3 |     1 |     3 ||     7
       Phantom mirror    |       |       |       |       |     1 |       ||     1
       Rod               |       |       |       |       |     1 |    18 ||    19
  Use: Scroll            |       |    10 |     7 |    14 |    18 |     9 ||    58
       Potion            |       |       |       |     7 |     4 |     7 ||    18
 Stab: Sleeping          |       |       |     4 |     6 |    17 |    10 ||    37
       Distracted        |       |       |     1 |       |     1 |       ||     2
       Confused          |       |       |       |     1 |       |       ||     1
       Held in net/web   |       |       |       |       |     2 |     3 ||     5
  Eat: Chunk             |     1 |    12 |    10 |    21 |    51 |    31 ||   126
       Beef jerky        |       |       |     2 |       |       |     7 ||     9
       Fruit             |       |       |     1 |       |       |       ||     1
       Bread ration      |       |       |     2 |     5 |     3 |     1 ||    11
       Meat ration       |       |       |       |       |     1 |     1 ||     2
       Pizza             |       |       |       |       |     9 |     3 ||    12
